 Dungeon Crawl Stone Soup version 0.28-b1 (webtiles) character file.

Game seed: 11421330455886296009

44 Gabide the Ducker (level 3, -2/29 HPs)
             Began as a Human Monk on Jan 26, 2022.
             Frozen to death by an endoplasm (3 damage)
             ... on level 2 of the Dungeon.
             The game lasted 00:04:06 (1504 turns).

Gabide the Ducker (Human Monk)                      Turns: 1504, Time: 00:04:07

Health: -2/29      AC:  2    Str: 11    XL:     3   Next: 87%
Magic:  3/3        EV: 13    Int: 10    God:
Gold:   62         SH:  0    Dex: 17    Spells: 2/2 levels left

rFire   . . .      SeeInvis .   e - +1 mace (holy)
rCold   . . .      Faith    .   (no shield)
rNeg    . . .      Spirit   .   b - +0 robe
rPois   .          Reflect  .   (no helmet)
rElec   .          Harm     .   (no cloak)
rCorr   .          Rampage  .   (no gloves)
Will    .....                   (no boots)
Stlth   ++........              (no amulet)
HPRegen 0.09/turn               (no ring)
MPRegen 0.08/turn               (no ring)

@: no status effects
A: no striking features
a: no special abilities


You were on level 2 of the Dungeon.
You visited 1 branch of the dungeon, and saw 3 of its levels.

You collected 62 gold pieces.

Inventory:

Hand Weapons
 a - a +0 mace
 e - a +1 mace of holy wrath (weapon)
 g - a +0 flail
Missiles
 l - 6 boomerangs of dispersal (quivered)
Armour
 b - a +0 robe (worn)
Magical Staves
 c - a staff of conjuration
Jewellery
 f - a ring of protection from fire
 i - a +6 ring of strength
Scrolls
 d - a scroll of identify
 h - a scroll of fog
Potions
 j - a potion of heal wounds {unknown}
 m - a potion of lignification {unknown}


   Skills:
 + Level 3.4 Fighting
 + Level 3.5 Maces & Flails
 * Level 3.5 Dodging
 + Level 2.3 Stealth


You had 2 spell levels left.
You didn't know any spells.
Your spell library was empty.

Dungeon Overview and Level Annotations

Branches:
Dungeon (3/15)

Altars:


Message History

You are too injured to fight recklessly!
The jackal bites you.
There is a stone staircase leading up here.
The jackal bites you. The endoplasm hits you.
* * * LOW HITPOINT WARNING * * *
The goblin barely misses you. The jackal barely misses you.
You climb upwards.
There is a stone staircase leading down here.
Okay, then.
You feel better. The endoplasm freezes you.
You are frozen.
The jackal misses you. The goblin hits you but does no damage.
You hit the endoplasm.
The endoplasm is heavily wounded.
The jackal misses you. The endoplasm hits you.
The goblin hits you with a +0 dagger.
* * * LOW HITPOINT WARNING * * *
The jackal closely misses you.
The endoplasm hits you but does no damage.
You barely miss the endoplasm.
The endoplasm is heavily wounded.
The jackal bites you.
* * * LOW HITPOINT WARNING * * *
The goblin misses you. The endoplasm closely misses you.
You hit the endoplasm.
The endoplasm is almost dead.
The jackal closely misses you. The goblin closely misses you.
The jackal closely misses you. The endoplasm freezes you.
You are frozen.
* * * LOW HITPOINT WARNING * * *
You completely miss the endoplasm.
The endoplasm is severely wounded.
The jackal bites you.
* * * LOW HITPOINT WARNING * * *
The goblin hits you with a +0 dagger.
* * * LOW HITPOINT WARNING * * *
The endoplasm freezes you.
You are frozen.
You die...

#.......#######
#.............#
#.......#####.#
#.......# #.#
#.......# #.#
#.....<.# #.#
#.......# #.#######
#..g)J..# #.#......
#..h@...# #.#.#####
#.......# #.#.#...#
#.......# #.#.#.#.#
######### #.#.#.#.#
#.#.#.#.# #.#.#.#.#
###########.#.#.#.#
#........##.#.#.#.#
#........##.#.#.#.#


You could see an endoplasm, a jackal and a goblin.

Vanquished Creatures
  A dart slug (D:2)
  3 endoplasms (D:1)
  4 giant cockroaches
  6 goblins
  A hobgoblin (D:3)
  3 jackals
  4 kobolds
  2 quokkas (D:1)
  3 ball pythons (D:1)
  4 bats
  2 frilled lizards
  4 rats
37 creatures vanquished.

Notes
Turn   | Place    | Note
-------+----------+-------------------------------------------
     0 | D:1      | Gabide the Human Monk began the quest for the Orb.
     0 | D:1      | Reached XP level 1. HP: 18/18 MP: 1/1
   166 | D:1      | Reached XP level 2. HP: 24/24 MP: 2/2
   455 | D:1      | Reached XP level 3. HP: 24/29 MP: 3/3
  1504 | D:2      | HP: 1/29 [goblin (2)]
  1504 | D:2      | Frozen to death by an endoplasm

Illustrated notes

Levels and vault maps discovered:
D:1:      lemuel_arrival_muddy, layout_rooms
D:2:      layout_basic
D:3:      layout_rooms, mainiacjoe_overflow_six_doors_small,
          mainiacjoe_overflow_paths, minmay_tree_intersection, moated_statue,
          uniq_jessica, uniq_terence

Action                   || total
-------------------------++-------
Melee: Mace              ||   116
  Use: Potion            ||     2
       Scroll            ||     1
 Stab: Sleeping          ||     3
Armor: Robe              ||    28
Dodge: Dodged            ||   125
